 Dungeon Crawl Stone Soup version 0.31-a0-408-gb642c7f9a3 (webtiles) character file.

Game seed: 11456013082228770551

1690 bobo the Changeling (level 9, -10/59 (61) HPs)
             Began as an Octopode Shapeshifter on July 29, 2023.
             Was a Priest of Uskayaw.
             Mangled by a two-headed ogre
             ... wielding a +0 giant club
              (24 damage)
             ... on level 8 of the Dungeon on July 30, 2023.
             The game lasted 00:14:40 (4608 turns).

bobo the Changeling (Octopode Shapeshifter)         Turns: 4608, Time: 00:14:41

HP:   -10/59 (61)   AC:  5    Str: 18    XL:     9   Next: 2%
MP:   2/10          EV: 13    Int: 10    God:    Uskayaw [***...]
Gold: 109           SH:  5    Dex: 13    Spells: 8/8 levels left

rFire   . .          .
                       - Unarmed
rCold   . . .        (no shield)
rNeg    . . .        (helmet currently unavailable)
rPois   +            k - amulet of reflection
rElec   .            f - +4 ring of protection
rCorr   .            n - ring of poison resistance
SInv    .            (no ring)
Will    .....        (no ring)
Stlth   ++           (no ring)
HPRegen 0.29/turn    (no ring)
MPRegen 0.12/turn    (no ring)
                     (no ring)

%: reflection
@: beast-form, lightly drained
A: beast (slay +4), almost no armour, amphibious, 8 rings, camouflage 1,
gelatinous body 1, (nimble swimmer 1), tentacles
a: Begin Untransformation, Renounce Religion, Stomp, Line Pass


You were on level 8 of the Dungeon.
You worshipped Uskayaw.
Uskayaw was noncommittal.
You were a hulking beast.
You visited 2 branches of the dungeon, and saw 8 of its levels.

You collected 234 gold pieces.
You spent 125 gold pieces at shops.

Inventory:

Jewellery
 f - a +4 ring of protection (left tentacle)
 k - an amulet of reflection (around mantle)
 n - a ring of poison resistance (right tentacle)
Talismans
 b - a beast talisman
 g - a serpent talisman
Wands
 p - a wand of mindburst (6)
Scrolls
 e - 4 scrolls of teleportation
 h - a scroll of noise {unknown}
 i - a scroll of torment {unknown}
 m - 2 scrolls of fog {unknown}
 o - 2 scrolls of blinking
 q - 3 scrolls of vulnerability
 r - a scroll of amnesia {unknown}
 t - a scroll of enchant weapon {unknown}
Potions
 a - 2 potions of lignification
 d - a potion of magic
 j - 2 potions of attraction
 l - a potion of mutation


   Skills:
 + Level 5.4 Fighting
 - Level 2.1 Dodging
 + Level 6.2 Unarmed Combat
 + Level 2.5 Invocations
 * Level 7.0 Shapeshifting


You had 8 spell levels left.
You didn't know any spells.
Your spell library contained the following spells:

 Spells                   Type           Power      Damage    Failure   Level
 Sandblast                Erth           0%         2d4       36%         1
 Ensorcelled Hibernation  Hex/Ice        0%         N/A       50%         2
 Passwall                 Tmut/Erth      0%         N/A       50%         2
 Stone Arrow              Conj/Erth      0%         3d7       75%         3
 Swiftness                Air            0%         N/A       75%         3
 Summon Lightning Spire   Summ/Air       0%         N/A       98%         4
 Lee's Rapid Deconstruct  Erth           0%         3d4*      100%        5
 Animate Armour           Summ/Erth      Unusable   N/A       N/A         4

Dungeon Overview and Level Annotations

Branches:
Dungeon (8/15)             Temple (1/1) D:7
   Lair: D:8-11

Altars:
Ashenzari
Cheibriados
Dithmenos
Elyvilon
Fedhas
Hepliaklqana
Kikubaaqudgha
Makhleb
Nemelex Xobeh
Okawaru
Qazlal
Ru
Uskayaw
Vehumet
Wu Jian
Xom
Yredelemnul
Zin
The Shining One

Shops:
D:4 ?


Innate Abilities, Weirdness & Mutations

You are a hulking beast.
Your limbs bulge with bestial killing power. (Slay +4)
You cannot wear most types of armour.
You are amphibious.
You can wear up to eight rings at the same time.
Your skin changes colour to match your surroundings (Stealth+).
Your rubbery body absorbs attacks. (AC +1, EV +1)
((You are camouflaged when in or above water. (Stealth+)))
You have tentacles for arms and can constrict up to eight enemies at once.


Message History

The two-headed ogre is no longer sharing its pain.
The wight is no longer sharing its pain. x3
You block the wight's attack.
The wight hits you from afar with a +0 halberd.
You feel drained. The two-headed ogre closely misses you.
The two-headed ogre hits you with a +0 giant club.
You tentacle-slap the two-headed ogre.
The two-headed ogre is severely wounded.
The wight is no longer sharing its pain. x2
The wight hits you with a +0 dagger!
* * * LOW HITPOINT WARNING * * *
The wight barely misses you. The wight misses you.
You completely miss the two-headed ogre.
The two-headed ogre is severely wounded.
The wight hits you but does no damage.
The wight hits you from afar with a +0 spear.
* * * LOW HITPOINT WARNING * * *
You feel drained.
* * * LOW HITPOINT WARNING * * *
You block the wight's attack. You block the two-headed ogre's attack.
The two-headed ogre barely misses you.
Aiming: Line Pass
Press: ? - help, Dir - move target, p - two-headed ogre The wight appears confused. x2
You can no longer merge with and destroy a victim.
The wight hits you but does no damage.
Aiming: Line Pass
Press: ? - help, Dir - move target The wight appears confused. x2; The wight completely misses the wight.
The wight hits itself with a +0 falchion.
The wight barely misses you.
The wight barely misses the wight.
The wight hits itself with a +0 spear.
The wight attacks as you move away! The wight barely misses you.
The wight seems less confused.
The wight barely misses you. The wight hits you with a +0 dagger.
* * * LOW HITPOINT WARNING * * *
The two-headed ogre attacks as you move away!
The two-headed ogre closely misses you.
The two-headed ogre hits you with a +0 giant club!!
You die...

... .... #.Y.... #...
.#..........#..?...
....###.........).(.....
......#..........)..Y...
#.................z.... ..
##.................gY.#
..##.............Y....Y...
##....................z...
##........h.zz.....###.##..
.........zOz.....## ###
#......)..z.##...#
#.##..).....##...#
#..#..##.....#..##
#....###........#
#.....###........
#.....##..........
##.......#.....#


You could see a two-headed ogre and 5 wights.

Vanquished Creatures
  Grinder (D:3)
  2 water moccasins (D:7)
  Duvessa (D:5)
  3 ice beasts
  A kobold brigand (D:7)
  A bullfrog (D:8)
  2 gnoll sergeants
  Dowan (D:5)
  A jelly (D:5)
  3 orc priests
  A hell rat (D:8)
  4 orc wizards (D:7)
  An iguana (D:7)
  A statue (D:4)
  Robin (D:3)
  7 adders
  8 gnolls
  An ufetubus (D:4)
  2 worms (D:2)
  3 dart slugs
  10 orcs
  6 ball pythons
  8 bats
  4 endoplasms
  5 giant cockroaches
  17 goblins
  7 hobgoblins
  5 jackals (D:4)
  11 kobolds
  3 quokkas
  4 frilled lizards
  6 rats
131 creatures vanquished.

Vanquished Creatures (collateral kills)
  3 gnolls (D:8)
  A river rat (D:8)
  A rat (D:8)
5 creatures vanquished.

Grand Total: 136 creatures vanquished

Notes
Turn   | Place    | Note
-------+----------+-------------------------------------------
     0 | D:1      | bobo the Octopode Shapeshifter began the quest for the Orb.
     0 | D:1      | Reached XP level 1. HP: 13/13 MP: 1/1
    96 | D:1      | Reached XP level 2. HP: 13/18 MP: 2/2
   197 | D:1      | Reached XP level 3. HP: 21/24 MP: 3/3
   523 | D:2      | Reached XP level 4. HP: 29/29 MP: 4/4
  1145 | D:3      | Noticed Robin
  1159 | D:3      | Killed Robin
  1168 | D:3      | Reached XP level 5. HP: 25/35 MP: 5/5
  1264 | D:3      | Reached skill level 4 in Shapeshifting
  1337 | D:3      | Noticed Grinder
  1343 | D:3      | Paralysed by Grinder for 2 turns
  1347 | D:3      | Killed Grinder
  1348 | D:3      | Reached XP level 6. HP: 15/42 MP: 6/6
  1689 | D:3      | Found a stormy altar of Qazlal.
  1691 | D:3      | Noticed a water elemental
  1691 | D:3      | Noticed an air elemental
  1691 | D:3      | Noticed a fire elemental
  1957 | D:3      | Found a faded altar of an unknown god.
  2245 | D:4      | Found a radiant altar of Vehumet.
  2329 | D:4      | Found a basalt altar of Yredelemnul.
  2469 | D:4      | Noticed an ice beast
  2483 | D:4      | Killed an ice beast
  2484 | D:4      | Reached skill level 5 in Shapeshifting
  2484 | D:4      | Reached XP level 7. HP: 36/47 MP: 7/7
  2690 | D:4      | Found Esoo's Magic Scroll Emporium.
  2699 | D:4      | Bought a scroll of teleportation for 30 gold pieces
  2699 | D:4      | Bought a scroll of identify for 20 gold pieces
  2699 | D:4      | Bought a scroll of blinking for 75 gold pieces
  3057 | D:5      | Entered Level 5 of the Dungeon
  3110 | D:5      | Reached skill level 5 in Unarmed Combat
  3125 | D:5      | Noticed Duvessa
  3125 | D:5      | Noticed Dowan
  3133 | D:5      | Killed Duvessa
  3144 | D:5      | Killed Dowan
  3190 | D:5      | Reached skill level 6 in Shapeshifting
  3190 | D:5      | Reached XP level 8. HP: 40/54 MP: 8/8
  3241 | D:5      | You fall into a shaft and drop 2 floors!
  3256 | D:7      | Found a staircase to the Ecumenical Temple.
  3299 | Temple   | Entered the Ecumenical Temple
  3312 | Temple   | Became a worshipper of Uskayaw the Reveller
  3511 | D:7      | Reached * piety under Uskayaw
  3515 | D:7      | Reached ** piety under Uskayaw
  3519 | D:7      | Reached skill level 5 in Fighting
  3519 | D:7      | Reached skill level 1 in Invocations
  3625 | D:7      | Reached *** piety under Uskayaw
  3630 | D:7      | Reached **** piety under Uskayaw
  3687 | D:7      | Identified the +2 robe of Podehuy Xuso {Slay+2 Stlth+}
  4363 | D:8      | Noticed a death yak
  4364 | D:8      | Noticed a two-headed ogre
  4365 | D:8      | Noticed a death yak
  4370 | D:8      | Noticed a death yak
  4593 | D:8      | Reached skill level 7 in Shapeshifting
  4593 | D:8      | Reached XP level 9. HP: 57/61 MP: 10/10
  4599 | D:8      | Reached ***** piety under Uskayaw
  4608 | D:8      | Mangled by a two-headed ogre

Illustrated notes

Levels and vault maps discovered:
D:1:      grunt_arrival_lava_bath, layout_rooms
D:2:      layout_loops_ring, minmay_misc_feat_square, st_stairs_8
D:3:      layout_loops_ring, nicolae_qazlal_style_of_elements,
          shapermc_ecumenical_altar_hornbeckon, uniq_grinder, uniq_robin
D:4:      layout_loops_ring, mainiacjoe_overflow_small_starburst,
          vehumet_statue, serial_shops, shop_fountains, dk_noncrumbling_2,
          minmay_crystal_water, minmay_misc_feat_ornament
D:5:      layout_cave_pools, nzn_overflow_gifts_of_might_and_magic,
          nicolae_gozag_seed_capital, kennysheep_generic_room_12, uniq_duvessa
D:7:      layout_basic, minmay_temple_entry_large_hall
D:8:      layout_cave_pools, dpeg_lair_monsters, chequers_mini_garden,
          roderic_roman_lattice
Temple:   nicolae_temple_superstar

Skill      XL: |  1  2  3  4  5  6  7  8 |
---------------+-------------------------+-----
Fighting       | 2 3 4 5 |  5.4
Shapeshifting  | 4 5 6 7 |  7.0
Unarmed Combat | 4 5 6 |  6.2
Invocations    | 2 |  2.5
Dodging        | |  2.1

Action                     |  1- 3 |  4- 6 |  7- 9 || total
---------------------------+-------+-------+-------++-------
  Melee: Unarmed           |    46 |   115 |   107 ||   268
         Tentacles         |     6 |    18 |    31 ||    55
         Constrict         |    14 |    27 |    29 ||    70
         Punch             |       |     6 |     8 ||    14
 Invoke: Stomp             |       |       |     2 ||     2
         Line Pass         |       |       |     2 ||     2
    Use: Scroll            |       |     4 |     5 ||     9
         Potion            |       |       |     1 ||     1
   Stab: Sleeping          |     5 |    11 |       ||    16
         Distracted        |     1 |       |       ||     1
         Paralysed         |       |       |     3 ||     3
 Armour: Skin              |    12 |    25 |    21 ||    58
  Dodge: Dodged            |    31 |    47 |    53 ||   131
  Block: Other             |       |     6 |    34 ||    40

Table legend: (Time is in decaauts)
 A = Elapsed time spent in this place.
 B = Non-inter-level travel time spent in this place.
 C = Inter-level travel time spent in this place.
 D = Time resting spent in this place.
 E = Time spent auto-exploring this place.
 F = Levels seen in this place.
 G = Mean time per level.
                   A        B        C        D        E       F      G
               +--------+--------+--------+--------+--------+-----+--------+
         Total |   4583 |   4267 |    316 |    225 |   3235 |   8 |  572.9 |
       Dungeon |   4556 |   4252 |    304 |    225 |   3235 |   7 |  650.9 |
        Temple |     26 |     14 |     12 |      0 |      0 |   1 |   26.0 |
               +--------+--------+--------+--------+--------+-----+--------+

Top non-repeatable levels by time:
     D:7: 1258 daAuts
     D:3: 1087 daAuts
     D:4: 839 daAuts
     D:2: 619 daAuts
     D:1: 496 daAuts
     D:5: 182 daAuts
     D:8: 73 daAuts
  Temple: 26 daAuts
